 Dungeon Crawl Stone Soup version 0.27-b1-42-g19c61b19a5 (webtiles) character file.

Game seed: 13986263590084802239

43 hawla the Sneak (level 3, -3/22 HPs)
             Began as a Deep Elf Delver on July 29, 2021.
             Slain by a bullfrog (7 damage)
             ... on level 2 of the Dungeon.
             The game lasted 00:06:35 (1914 turns).

hawla the Sneak (Deep Elf Delver)                   Turns: 1914, Time: 00:06:36

Health: -3/22      AC:  3    Str:  9    XL:     3   Next: 37%
Magic:  7/7        EV: 12    Int: 15    God:
Gold:   47         SH:  0    Dex: 16    Spells: 3/5 levels left

rFire    . . .     SeeInvis .   a - +0 short sword
rCold    . . .     Faith    .   (no shield)
rNeg     . . .     Spirit   .   b - +0 leather armour
rPois    .         Reflect  .   (no helmet)
rElec    .         Harm     .   (no cloak)
rCorr    .         Rampage  .   (no gloves)
Will     .....                  (no boots)
Stlth    +++.......             (no amulet)
HPRegen  0.07/turn              (no ring)
MPRegen  0.10/turn              (no ring)

@: flying
A: no striking features
a: no special abilities


You were on level 2 of the Dungeon.
You visited 2 branches of the dungeon, and saw 6 of its levels.

You collected 47 gold pieces.

Inventory:

Hand Weapons
 a - a +0 short sword (weapon)
Armour
 b - a +0 leather armour (worn)
Wands
 g - a wand of digging (2)
Scrolls
 c - a scroll of fog
 d - a scroll of magic mapping


   Skills:
 + Level 2.7 Fighting
 + Level 2.5 Short Blades
 + Level 0.0 Throwing
 + Level 3.1 Dodging
 - Level 6.0 Stealth
 + Level 1.8 Spellcasting
 + Level 0.0 Conjurations
 + Level 0.1 Translocations
 + Level 0.0 Earth Magic
 + Level 0.0 Evocations


You had 3 spell levels left.
You knew the following spells:

 Your Spells              Type           Power      Damage    Failure   Level
a - Blink                 Tloc           N/A        N/A       43%         2

Your spell library contained the following spells:

 Spells                   Type           Power      Damage    Failure   Level
 Apportation              Tloc           2%         N/A       30%         1
 Animate Skeleton         Necr           2%         N/A       32%         1
 Corona                   Hex            1%         N/A       32%         1
 Summon Small Mammal      Summ           4%         N/A       32%         1
 Lesser Beckoning         Tloc           0%         N/A       67%         3
 Stone Arrow              Conj/Erth      2%         3d7       67%         3
 Animate Armour           Summ/Erth      2%         N/A       97%         4
 Manifold Assault         Tloc           1%         N/A       100%        5
 Summon Forest            Summ/Tloc      0%         N/A       100%        5
 Summon Mana Viper        Hex/Summ       1%         N/A       100%        5
 Shadow Creatures         Summ           N/A        N/A       100%        6
 Lehudib's Crystal Spear  Conj/Erth      0%         10d2      100%        8


Dungeon Overview and Level Annotations

Branches:
Dungeon (5/15)             Temple (1/1) D:5

Altars:
Dithmenos
Elyvilon
Fedhas
Gozag
Hepliaklqana
Kikubaaqudgha
Nemelex Xobeh
Okawaru
Qazlal
Ru
Uskayaw
Wu Jian
Xom
Zin
The Shining One


Message History

You add the spells Corona, Animate Skeleton, Summon Small Mammal and Apportation to your library.
Casting: Blink (quite dangerous; 43% risk of failure)
Confirm with . or Enter, or press ? or * to list all spells.
The spell is quite dangerous to cast (43% risk of failure)!
Continue anyway?
You blink.
The bullfrog gives a loud, deep croak!
You hit the bullfrog.
The bullfrog is moderately wounded.
The bat barely misses you. The bullfrog hits you.
* * * LOW HITPOINT WARNING * * *
The bullfrog hits you.
* * * LOW HITPOINT WARNING * * *
It was a potion of curing.
You feel better. The bullfrog hits you. The bat closely misses you.
The bullfrog misses you.
Found 8 gold pieces.
The bullfrog misses you. The bullfrog barely misses you.
The bat barely misses you. The bat barely misses you.
The bullfrog barely misses you. The bat closely misses you.
The bat closely misses you. The bat hits you. The bullfrog hits you.
* * * LOW HITPOINT WARNING * * *
The bullfrog misses you.
There is a stone staircase leading up, spattered with blood here.
The bullfrog barely misses you.
You climb upwards.
There is a stone staircase leading down here.
You are too injured to fight recklessly!
It was a potion of flight.
You feel very buoyant.
You fly up into the air.
The bullfrog completely misses you. The bullfrog barely misses you.
You hit the bullfrog.
The bullfrog is lightly wounded.
The bullfrog barely misses you.
You hit the bullfrog.
The bullfrog is moderately wounded.
The bullfrog hits you!
You die...

.....#
#......#...#...........# #
.....#
#..........#.#.#'####### #
(....# #..........#.#.#.#
# ...###
#..........#.#.#.#########
...#
#..........#.#.#..........
...#
#######....#.#.##########.
...# ##..##.#..........#.
...# #.F##.##########.#.
...# ##@##.##########.#.
...# ####..........#...
...# ####.#####.#### ####
#...## #.# #.#..####.#
#.........# #.♣♣♣♣♣♣..#
#.♣ ♣♣.# #.♣ ♣♣.#


You could see a bullfrog.

Vanquished Creatures
  An adder (D:2)
  A dart slug (D:1)
  An orc (D:3)
  A ball python (D:1)
  5 endoplasms
  4 giant cockroaches
  A goblin (D:2)
  2 hobgoblins (D:1)
  4 kobolds
  2 bats
  A frilled lizard (D:1)
  7 rats
30 creatures vanquished.

Notes
Turn   | Place    | Note
-------+----------+-------------------------------------------
     0 | D:5      | hawla the Deep Elf Delver began the quest for the Orb.
     0 | D:5      | Reached XP level 1. HP: 13/13 MP: 3/3
    15 | D:5      | Found a staircase to the Ecumenical Temple.
    21 | D:5      | Noticed a necrophage
    25 | Temple   | Entered the Ecumenical Temple
   579 | D:3      | Noticed an ogre
   989 | D:1      | Reached skill level 1 in Spellcasting
   989 | D:1      | Reached XP level 2. HP: 13/18 MP: 3/5
  1459 | D:1      | Learned a level 2 spell: Blink
  1579 | D:1      | You fall into a shaft and drop 1 floor!
  1609 | D:2      | Reached XP level 3. HP: 16/22 MP: 7/7
  1849 | D:3      | Noticed a bullfrog
  1914 | D:2      | Slain by a bullfrog

Illustrated notes

Levels and vault maps discovered:
D:1:      ncdulo_watergridlock, layout_basic, minmay_pentomino_t4
D:2:      layout_basic, minmay_misc_feat_ornament, nrook_campfire
D:3:      layout_loops_cross, shapermc_ecumenical_altar_ellora, serial_shops,
          nicolae_lakefront_shop
D:4:      layout_loops_corners, serial_shops, kennysheep_little_box,
          gammafunk_ghost_arena
D:5:      layout_basic, gammafunk_temple_overflow_forgotten, temple_fountains,
          nrook_pool_corridor, uniq_ijyb
Temple:   regret_index_temple_generic_petals

Skill      XL: |  1  2 |
---------------+-------+-----
Spellcasting   | 1 |  1.8
Dodging        | 3 |  3.1
Fighting       | |  2.7
Short Blades   | |  2.5
Stealth        | |  6.0
Translocations | |  0.1

Action                   || total
-------------------------++-------
Melee: Short sword       ||    89
 Cast: Blink             ||     1
Evoke: Wand              ||     1
  Use: Potion            ||     4
       Scroll            ||     4
 Stab: Sleeping          ||    11
Armor: Leather armour    ||    18
Dodge: Dodged            ||    56
